 Dungeon Crawl Stone Soup version 0.28-a0-20-gdd470a43dd (webtiles) character file.

Game seed: 7315108520004587382

34 HAL9000 the Sneak (level 3, -1/18 HPs)
             Began as a Vine Stalker Brigand on July 26, 2021.
             Succumbed to an adder's poison
             ... on level 2 of the Dungeon.
             The game lasted 00:01:11 (1553 turns).

HAL9000 the Sneak (Vine Stalker Brigand)            Turns: 1553, Time: 00:01:11

Health: -1/18      AC:  3    Str: 14    XL:     3   Next: 31%
Magic:  3/4        EV: 11    Int: 11    God:
Gold:   34         SH:  0    Dex: 15    Spells: 2/2 levels left

rFire   + . .      SeeInvis .   a - +2 dagger
rCold   . . .      Faith    .   (no shield)
rNeg    . . .      Spirit   +   b - +0 robe
rPois   .          Reflect  .   (no helmet)
rElec   .          Harm     .   c - +0 cloak
rCorr   +          Rampage  .   (no gloves)
Will    .....                   (no boots)
Stlth   +++.......              (no amulet)
HPRegen 0.06/turn               g - ring of protection from fire
MPRegen 0.09/turn               i - ring of resist corrosion

@: lethally poisoned (-1 -> -8)
A: fangs 2, magic shield, antimagic bite, no potion heal 2
a: no special abilities


You were on level 2 of the Dungeon.
You visited 1 branch of the dungeon, and saw 2 of its levels.

You collected 34 gold pieces.

Inventory:

Hand Weapons
 a - a +2 dagger (weapon)
Missiles
 d - 9 poisoned darts (quivered)
 e - 2 curare-tipped darts
Armour
 b - a +0 robe (worn)
 c - a +0 cloak (worn)
Jewellery
 g - a ring of protection from fire (left hand)
 i - a ring of resist corrosion (right hand)
Scrolls
 f - 2 scrolls of identify {unknown}
Potions
 h - a potion of haste {unknown}
 j - a potion of brilliance {unknown}


   Skills:
 - Level 1.7 Fighting
 - Level 1.7 Short Blades
 + Level 3.3 Throwing
 - Level 0.7 Dodging
 - Level 4.8 Stealth


You had 2 spell levels left.
You didn't know any spells.
Your spell library was empty.

Dungeon Overview and Level Annotations

Branches:
Dungeon (2/15)

Altars:


Innate Abilities, Weirdness & Mutations

You have extremely sharp teeth.
When hurt, damage is shared between your health and your magic reserves.
Your bite disrupts and absorbs the magic of your enemies.
Potions cannot restore your health.


Message History

The goblin hits you but does no damage.
Found an escape hatch in the ceiling.
The adder hisses angrily.
You hit the goblin.
You kill the goblin!
Things that are here:
a +0 club; a goblin corpse You hit the adder but do no damage.
The adder bites you.
You are poisoned.
The adder poisons you!
You closely miss the adder. You bite the adder, but do no damage.
You feel sick. The adder barely misses you.
You barely miss the adder.
You feel sick.
A bat comes into view.
The adder bites you.
You are more poisoned.
The adder poisons you!
You throw a poisoned dart. The poisoned dart hits the adder.
The adder is poisoned.
You feel sick. The adder bites you.
You are lethally poisoned!
The adder poisons you!
You hit the adder. You bite the adder. You drain its power.
You feel invigorated.
The adder is heavily wounded.
You feel sick. The bat hits you but does no damage.
The adder bites you but does no damage. The bat hits you. The adder bites you.
You are more poisoned.
The adder poisons you!
* * * LOW HITPOINT WARNING * * *
You feel sick. The bat hits you but does no damage.
* * * LOW HITPOINT WARNING * * *
You feel very sick.
You completely miss the adder. You bite the adder, but do no damage.
The adder is severely wounded.
* * * LOW HITPOINT WARNING * * *
You feel sick. The adder barely misses you.
The bat hits you but does no damage.
You miss the adder. You bite the adder, but do no damage.
The adder is severely wounded.
You die...

... #.# ... #.# #
#.# #
#..#####.#####.###
#........b..(....#
#. #..@S)(......
#. #.###.###.#.#
#.##.# #<# #.##.#
#.# #.##.# #.##
#.##.# #..# ##.
###....# #... ...
#....######.##..
#.#.........#..


You could see an adder (poisoned) and a bat.

Vanquished Creatures
  4 ball pythons (D:1)
  3 endoplasms (D:1)
  5 goblins
  3 hobgoblins (D:1)
  4 jackals (D:1)
  4 bats (D:1)
  2 frilled lizards (D:1)
  2 kobolds (D:1)
  3 rats (D:1)
30 creatures vanquished.

Notes
Turn   | Place    | Note
-------+----------+-------------------------------------------
     0 | D:1      | HAL9000 the Vine Stalker Brigand began the quest for the
                  | Orb.
     0 | D:1      | Reached XP level 1. HP: 11/11 MP: 2/2
    92 | D:1      | Reached XP level 2. HP: 14/15 MP: 3/3
   747 | D:1      | Reached XP level 3. HP: 18/18 MP: 4/4
  1553 | D:2      | Succumbed to an adder's poison

Illustrated notes

Levels and vault maps discovered:
D:1:      minmay_arrival_split_and_join, layout_basic, hangedman_glass_teeth,
          grunt_decor_one_mirror
D:2:      layout_basic, basic_altar

Skill      XL: |  1  2 |
---------------+-------+-----
Throwing       | 2 3 |  3.3
Fighting       | |  1.7
Short Blades   | |  1.7
Dodging        | |  0.7
Stealth        | |  4.8

Action                   || total
-------------------------++-------
Melee: Dagger            ||    65
       Bite              ||    19
Throw: Dart              ||     7
 Stab: Sleeping          ||    10
Armor: Robe              ||    15
Dodge: Dodged            ||    28

Table legend: (Time is in decaauts)
 A = Elapsed time spent in this place.
 B = Non-inter-level travel time spent in this place.
 C = Inter-level travel time spent in this place.
 D = Time resting spent in this place.
 E = Time spent auto-exploring this place.
 F = Levels seen in this place.
 G = Mean time per level.
                   A        B        C        D        E       F      G
               +--------+--------+--------+--------+--------+-----+--------+
         Total |   1545 |   1528 |     17 |    186 |   1147 |   2 |  772.5 |
       Dungeon |   1545 |   1528 |     17 |    186 |   1147 |   2 |  772.5 |
               +--------+--------+--------+--------+--------+-----+--------+

Top non-repeatable levels by time:
     D:1: 1507 daAuts
     D:2: 37 daAuts
